 Dungeon Crawl Stone Soup version 0.30.1-9-gdf580d7c3d (webtiles) character file.

Game seed: 4082960641810548883

50 Hasleak the Conjurer (level 3, -1/8 (19) HPs)
             Began as a Deep Elf Conjurer on Sept 28, 2023.
             Slain by a gnoll
             ... wielding a +0 halberd
              (9 damage)
             ... on level 2 of the Dungeon.
             The game lasted 00:04:31 (959 turns).

Hasleak the Conjurer (Deep Elf Conjurer)             Turns: 959, Time: 00:04:32

HP:   -1/8 (19)     AC:  2    Str:  4    XL:     3   Next: 55%
MP:   6/10          EV: 12    Int: 24    God:
Gold: 44            SH:  0    Dex: 13    Spells: 6/10 levels left

rFire   . . .        i - staff of air
rCold   . . .        (no shield)
rNeg    . . .        a - +0 robe
rPois   .            (no helmet)
rElec   +            (no cloak)
rCorr   .            (no gloves)
SInv    .            (no boots)
Will    .....        (no amulet)
Stlth   ++           (no ring)
HPRegen 0.21/turn    (no ring)
MPRegen 0.12/turn

%: no passive effects
@: extremely drained
A: no striking features
a: no special abilities


You were on level 2 of the Dungeon.
You visited 1 branch of the dungeon, and saw 2 of its levels.

You collected 44 gold pieces.

Inventory:

Hand Weapons
 c - a +0 dagger of draining
Armour
 a - a +0 robe (worn)
Magical Staves
 i - a staff of air (weapon)
Jewellery
 d - a ring of poison resistance
Scrolls
 f - a scroll of vulnerability {unknown}
 g - 3 scrolls of fog {unknown}
 h - a scroll of identify
 j - 2 scrolls of blinking
Potions
 b - a potion of magic
 e - 2 potions of curing {unknown}
 k - a potion of might {unknown}


   Skills:
 + Level 0.2 Fighting
 + Level 0.3 Staves
 + Level 3.0 Dodging
 - Level 2.4 Stealth
 * Level 4.0 Spellcasting
 * Level 4.9 Conjurations


You had 6 spell levels left.
You knew the following spells:

 Your Spells              Type           Power      Damage    Failure   Level
a - Magic Dart            Conj           100%       1d8       1%          1
b - Searing Ray           Conj           56%        2d6       1%          2
c - Kiss of Death         Conj/Necr      64%        2d10      3%          1

Your spell library contained the following spells:

 Spells                   Type           Power      Damage    Failure   Level
 Sandblast                Erth           8%         2d5       10%         1
 Dazzling Flash           Conj/Hex       32%        N/A       11%         3
 Stone Arrow              Conj/Erth      32%        3d9       11%         3
 Passwall                 Tmut/Erth      3%         N/A       14%         2
 Confusing Touch          Hex            4%         N/A       28%         3
 Fulminant Prism          Conj/Hex       8%         3d7       34%         4
 Iskenderun's Mystic Bla  Conj/Tloc      16%        2d5       34%         4
 Dispel Undead            Necr           4%         3d7       67%         4


Dungeon Overview and Level Annotations

Branches:
Dungeon (2/15)

Altars:
Cheibriados


Message History

Casting: Searing Ray (safe; 1% risk of failure)
Confirm with . or Enter, or press ? or * to list all spells.
Aiming: Kiss of Death (safe; 3% risk of failure)
Press: ? - help, Shift-Dir - straight line, f/p - gnoll
Aim: a gnoll, wielding a +0 whip (moderately wounded, 100% to hit)
The negative energy hits the gnoll!
The gnoll is drained!
You kill the gnoll!
You feel drained.
Your Spellcasting skill increases to level 4!
Casting: Kiss of Death (safe; 3% risk of failure)
Confirm with . or Enter, or press ? or * to list all spells.
Aiming: Kiss of Death (safe; 3% risk of failure)
Press: ? - help, Shift-Dir - straight line, f - goblin
Aim: a goblin, wielding a +0 dagger (100% to hit)
The negative energy hits the goblin!
The goblin is drained!
You kill the goblin!
You feel drained.
Your Dodging skill increases to level 3!
Things that are here:
a +0 dagger; a +0 whip A gnoll comes into view.
It is wielding a +0 whip.
The gnoll shouts!
A gnoll comes into view. It is wielding a +0 halberd.
The gnoll shouts!
The gnoll misses you.
Casting: Kiss of Death (safe; 3% risk of failure)
Confirm with . or Enter, or press ? or * to list all spells.
Aiming: Kiss of Death (safe; 3% risk of failure)
Press: ? - help, Shift-Dir - straight line, f - gnoll
Aim: a gnoll, wielding a +0 whip (100% to hit)
The negative energy hits the gnoll!
The gnoll is drained!
You kill the gnoll!
You feel drained.
A gnoll is nearby!
Unknown command.
The gnoll closely misses you. The gnoll closely misses you.
The gnoll hits you with a +0 halberd!
Ouch! That really hurt!
You die...

#.# ##.##### ##
####### ##....... .#
#.....# #.....###.# .#
# ###.#####.........
.# #.#.......)...# .#
#.#.#.#####..## .#
#.....# #..#####.#
.######.####
#.@......#
.#.........#
#.g.######
.#.##.#.##.# #.....#
## #...# ##.......#
##.##...##.#.........#
..........)+.........+
##.##...##.#.........#
##.#.....# ##.......##
##...###...#


You could see a gnoll.

Vanquished Creatures
  2 gnolls (D:2)
  5 ball pythons
  2 bats (D:1)
  3 endoplasms
  A giant cockroach (D:2)
  4 goblins
  A hobgoblin (D:1)
  5 kobolds
  2 quokkas
  A frilled lizard (D:1)
  2 rats (D:1)
28 creatures vanquished.

Notes
Turn   | Place    | Note
-------+----------+-------------------------------------------
     0 | D:1      | Hasleak the Deep Elf Conjurer began the quest for the Orb.
     0 | D:1      | Reached XP level 1. HP: 10/10 MP: 6/6
    80 | D:1      | Reached XP level 2. HP: 15/15 MP: 0/8
   798 | D:2      | Found a snail-covered altar of Cheibriados.
   893 | D:2      | Learned a level 2 spell: Searing Ray
   895 | D:2      | Learned a level 1 spell: Kiss of Death
   907 | D:2      | Reached XP level 3. HP: 16/17 MP: 8/10
   959 | D:2      | Slain by a gnoll

Illustrated notes

Levels and vault maps discovered:
D:1:      wander_arrival_desolate, layout_rooms, serial_corexii_hall,
          corexii_hall_statues_deadend, corexii_hall_statues_s
D:2:      layout_loops_corners, basic_altar, uniq_crazy_yiuf_cottage

Skill      XL: |  1  2  3 |
---------------+----------+-----
Spellcasting   | 4 |  4.0
Dodging        | 3 |  3.0
Fighting       | |  0.2
Staves         | |  0.3
Stealth        | |  2.4
Conjurations   | |  4.9

Action                     || total
---------------------------++-------
  Melee: Dagger            ||    14
   Cast: Magic Dart        ||    31
         Kiss of Death     ||     4
         Searing Ray       ||     1
    Use: Scroll            ||     6
   Stab: Sleeping          ||     1
 Armour: Robe              ||     2
  Dodge: Dodged            ||    14
